 Dungeon Crawl Stone Soup version 0.23.0 (webtiles) character file.

Game seed: 16343399073029759336

29934 Goboxel the Fighter (level 13, -3/116 HPs)
             Began as a Demonspawn Gladiator on Feb 8, 2019.
             Was a High Priest of Dithmenos.
             Shot with a bolt by an orc warlord (32 damage)
             ... on level 9 of the Dungeon.
             The game lasted 01:01:25 (18891 turns).

Goboxel the Fighter (Demonspawn Gladiator)         Turns: 18891, Time: 01:01:25

Health: -3/116     AC: 12    Str: 15    XL:     13   Next: 17%
Magic:  15/15      EV: 22    Int:  9    God:    Dithmenos [*****.]
Gold:   1220       SH:  0    Dex: 20    Spells: 12/12 levels left

rFire    . . .     SeeInvis .   a - +4 dagger (venom)
rCold    + . .     Gourm    .   (no shield)
rNeg     + . .     Faith    +   t - +3 ring mail {MR+}
rPois    .         Spirit   .   c - +0 helmet
rElec    .         Reflect  .   K - +0 cloak
rCorr    +         Harm     .   r - +0 pair of gloves
MR       +....                  E - +0 pair of boots
Stlth    +++++++...             Q - amulet of faith
HPRegen  0.29/turn              e - ring of positive energy
MPRegen  0.14/turn              s - ring of resist corrosion

@: wreathed by umbra, repel missiles
A: claws 1, repulsion field 3, cold resistance 1, nightstalker 1, robust 1
a: Shadow Step, Shadow Form, Renounce Religion


You were on level 9 of the Dungeon.
You worshipped Dithmenos.
Dithmenos was extremely pleased with you.
You were not hungry.

You visited 4 branches of the dungeon, and saw 19 of its levels.
You also visited: Volcano.

You collected 1220 gold pieces.

Inventory:

Hand Weapons
 a - a +4 dagger of venom (weapon)
 b - a +3 scimitar of flaming
 U - a +1 great sword of flaming
Armour
 c - a +0 helmet (worn)
 r - a +0 pair of gloves (worn)
 t - a +3 ring mail of magic resistance (worn)
 w - a +2 ring mail of positive energy
 E - a +0 pair of boots (worn)
 K - a +0 cloak (worn)
 T - a +3 leather armour of fire resistance
Jewellery
 e - a ring of positive energy (left hand)
 l - an uncursed ring of see invisible
 s - a ring of resist corrosion (right hand)
 z - an uncursed ring of magical power
 C - an uncursed amulet of guardian spirit
 L - an uncursed ring of magical power
 Q - an amulet of faith (around neck)
Wands
 k - a wand of digging (8)
 y - a wand of flame (22)
 H - a wand of random effects (14)
 J - a wand of scattershot (4)
 P - a wand of iceblast (12)
 R - a wand of polymorph (16)
 S - a wand of enslavement (9)
Scrolls
 d - 3 scrolls of enchant armour
 h - 2 scrolls of fear
 i - 8 scrolls of teleportation
 p - 11 scrolls of remove curse
 x - 4 scrolls of amnesia
 A - 2 scrolls of blinking {unknown}
 B - a scroll of fog
 M - a scroll of identify
 O - a scroll of holy word {unknown}
Potions
 g - a potion of magic
 j - 4 potions of resistance
 m - 4 potions of lignification
 n - a potion of experience {unknown}
 q - 2 potions of flight
 u - 2 potions of ambrosia {unknown}
 v - 2 potions of heal wounds
 D - a potion of haste
 F - 3 potions of curing
 G - 3 potions of berserk rage
 I - 6 potions of brilliance
 N - a potion of might {unknown}
Comestibles
 f - 28 rations


   Skills:
 + Level 11.2 Fighting
 - Level 8.7(10.7) Short Blades
 * Level 10.1(11.3) Long Blades
 - Level 1.7 Throwing
 + Level 10.6 Dodging
 + Level 8.0 Stealth
 - Level 3.3 Invocations


You had 12 spell levels left.
You didn't know any spells.
Your spell library contained the following spells:

 Spells                   Type           Power        Failure   Level  Hunger
 Magic Dart               Conj           #...         63%         1    ##.....
 Sandblast                Erth           #.....       63%         1    ##.....
 Sting                    Conj/Pois      #...         63%         1    ##.....
 Summon Small Mammal      Summ           #...         63%         1    ##.....
 Passwall                 Tmut/Erth      #.......     77%         2    ###....
 Poisonous Vapours        Pois/Air       #.....       77%         2    ###....
 Searing Ray              Conj           #.....       77%         2    ###....
 Dazzling Spray           Conj/Hex       #.....       94%         3    ####...
 Mephitic Cloud           Conj/Pois/Air  #.......     94%         3    ####...
 Stone Arrow              Conj/Erth      #.....       94%         3    ####...
 Force Lance              Conj/Tloc      #.......     100%        4    #####..
 Fulminant Prism          Conj/Hex       #.........   100%        4    #####..
 Iskenderun's Mystic Bla  Conj           #.......     100%        4    #####..
 Olgreb's Toxic Radiance  Pois           #.......     100%        4    #####..
 Petrify                  Tmut/Erth      #.......     100%        4    #####..
 Lee's Rapid Deconstruct  Erth           #.........   100%        5    ######.
 Venom Bolt               Conj/Pois      #.........   100%        5    ######.


Dungeon Overview and Level Annotations

Branches:
Dungeon (11/15)            Temple (1/1) D:5            Lair (6/6) D:9
  Swamp (0/4) Lair:3       Spider (0/4) Lair:4        Slime (0/5) Lair:5
    Orc (1/2) D:9

Altars:
Ashenzari
Dithmenos
Elyvilon
Gozag
Kikubaaqudgha
Makhleb
Ru
Sif Muna
Trog
Vehumet
Wu Jian
Xom
Yredelemnul
Zin
The Shining One

Shops:
D:5 [   D:8 [


Innate Abilities, Weirdness & Mutations

You have sharp fingernails.
You are surrounded by a strong repulsion field. (EV +4, RMsl)
Your flesh is cold resistant. (rC+)
You are slightly more attuned to the shadows.
You are robust. (+10% HP)


Message History

You hit the orc warlord but do no damage.
The orc warlord is severely wounded.
The orc warlord unwields a +0 great mace.
The orc warlord wields a +0 arbalest of velocity.
The orc warlord shoots a bolt.
The bolt completely misses you.
Your +3 scimitar of flaming stops flaming.
Your +4 dagger of venom begins to drip with poison!
a - a +4 dagger of venom (weapon)
The orc warlord unwields a +0 arbalest of velocity.
The orc warlord wields a +0 great mace.
The orc warlord hits you with a +0 great mace!
* * * LOW HITPOINT WARNING * * *
You hit the orc warlord but do no damage.
The orc warlord looks as sick as possible!
The orc warlord is severely wounded.
The orc warlord unwields a +0 great mace.
The orc warlord wields a +0 arbalest of velocity.
The orc warlord shoots a bolt.
The bolt is repelled.
The orc warlord shoots a bolt.
The bolt hits you!!
You die...

#.....#..#.( #.....#.....
########################
#.≈...#([...............
#≈!..[#))..[............
###.......[))>)....##.....
#.#....(....)o............
#!#.#)..).................
#!#.#....@................
#!'.#..(..(...............
##########################
#..........##...
#####........###...
##.#.#.........###..
#..............###..
#..##..##.......#...
###.....###......##..


You could see an orc warlord.

Vanquished Creatures
  A fire dragon (Volcano)
  4 hydras
  Erica (D:10)
  A two-headed ogre (D:10)
  Urug (Lair:3)
  A lindwurm (Volcano)
  An orc sorcerer (D:9)
  2 oklob plants (Lair:5)
  Maurice (D:8)
  3 black mambas
  Joseph (D:8)
  7 spiny frogs
  3 rime drakes
  6 komodo dragons
  2 trolls
  A hornet (D:6)
  Prince Ribbit (D:8)
  Grinder (D:3)
  3 blink frogs (Lair:2)
  6 hippogriffs
  4 wyverns
  28 yaks
  Grum (D:9)
  3 basilisks
  4 fire bats (Volcano)
  3 wargs
  3 hell hounds (Volcano)
  9 water moccasins
  6 porcupines
  Duvessa (D:4)
  A swamp drake (D:9)
  3 ice beasts
  A sky beast (D:10)
  3 wolves (D:9)
  16 orc warriors
  8 ogres
  3 centaurs
  8 crocodiles
  A big kobold (D:11)
  12 bullfrogs
  A water moccasin zombie (D:9)
  3 scorpions
  Dowan (D:4)
  2 jellies
  2 crimson imps (D:6)
  A bullfrog zombie (D:9)
  2 quasits
  6 hounds
  9 orc priests
  2 bullfrog skeletons
  2 iguanas
  17 orc wizards
  7 worker ants
  A killer bee zombie (D:9)
  2 hound zombies
  A hound skeleton (D:4)
  8 gnolls
  A howler monkey skeleton (D:7)
  8 adders
  A shadow imp (D:5)
  2 oozes
  3 adder skeletons
  A worm (D:2)
  A dart slug (D:1)
  10 leopard geckos
  73 orcs
  4 ball pythons
  7 giant cockroaches
  10 goblins
  5 hobgoblins
  3 jackals (D:6)
  8 kobolds
  6 quokkas
  A ball python skeleton (D:6)
  11 bats
  6 frilled lizards
  A giant cockroach zombie (D:6)
  A jackal skeleton (D:4)
  A leopard gecko skeleton (D:4)
  A quokka skeleton (D:7)
  10 rats
407 creatures vanquished.

Vanquished Creatures (others)
  An orc (Orc:1)
  3 fungi (Lair:3)
  3 plants
7 creatures vanquished.

Grand Total: 414 creatures vanquished

Notes
Turn   | Place    | Note
-------+----------+-------------------------------------------
     0 | D:1      | Goboxel the Demonspawn Gladiator began the quest for the
                  | Orb.
     0 | D:1      | Reached XP level 1. HP: 16/16 MP: 1/1
   115 | D:1      | Gained mutation: You are surrounded by a mild repulsion
                  | field. (EV +2) [demonic ancestry]
   115 | D:1      | Reached XP level 2. HP: 17/22 MP: 2/2
   826 | D:1      | Reached XP level 3. HP: 28/28 MP: 3/3
  1147 | D:2      | Found a sacrificial altar of Ru.
  1368 | D:2      | Found a white marble altar of Elyvilon.
  1467 | D:2      | Found a faded altar of an unknown god.
  1522 | D:2      | Reached skill level 1 in Short Blades
  1558 | D:2      | Found a burning altar of Makhleb.
  1615 | D:2      | Found a bloodstained altar of Trog.
  1644 | D:2      | Gained mutation: You are slightly more attuned to the
                  | shadows. [demonic ancestry]
  1644 | D:2      | Reached XP level 4. HP: 34/34 MP: 4/4
  1911 | D:3      | Noticed Grinder
  1918 | D:3      | Paralysed by Grinder for 5 turns
  2427 | D:3      | Found an ancient bone altar of Kikubaaqudgha.
  2429 | D:3      | Found a deep blue altar of Sif Muna.
  2430 | D:3      | Found a radiant altar of Vehumet.
  2434 | D:3      | Identified Sif Muna's Compendium of the Escort
  2478 | D:3      | Noticed an ogre
  2970 | D:3      | Reached skill level 3 in Fighting
  2976 | D:3      | Gained mutation: You are surrounded by a moderate repulsion
                  | field. (EV +3) [demonic ancestry]
  2976 | D:3      | Reached XP level 5. HP: 41/41 MP: 5/5
  3304 | D:2      | Found a glowing golden altar of the Shining One.
  3305 | D:2      | Found an opulent altar of Gozag.
  3903 | D:4      | Reached XP level 6. HP: 47/47 MP: 6/6
  4479 | D:4      | Noticed Duvessa
  4553 | D:4      | Noticed Dowan
  4555 | D:4      | Killed Dowan
  4555 | D:4      | Reached skill level 4 in Fighting
  4555 | D:4      | Gained mutation: You have sharp fingernails. [demonic
                  | ancestry]
  4555 | D:4      | Reached XP level 7. HP: 54/54 MP: 7/7
  4560 | D:4      | HP: 1/54 [Duvessa/+0 short sword (12)]
  4937 | D:5      | Entered Level 5 of the Dungeon
  5206 | D:5      | Found Xuddair's Antique Armour Shoppe.
  5281 | D:5      | Found a staircase to the Ecumenical Temple.
  5292 | D:5      | Reached skill level 5 in Short Blades
  5331 | Temple   | Entered the Ecumenical Temple
  5344 | Temple   | Became a worshipper of Dithmenos the Shadowed
  5542 | D:5      | Reached skill level 5 in Dodging
  5542 | D:5      | Gained mutation: You are surrounded by a strong repulsion
                  | field. (EV +4, RMsl) [demonic ancestry]
  5542 | D:5      | Reached XP level 8. HP: 32/61 MP: 8/8
  5945 | D:6      | Reached skill level 5 in Fighting
  5946 | D:6      | Reached skill level 1 in Stealth
  6043 | D:6      | Noticed a hornet
  6227 | D:6      | Reached * piety under Dithmenos
  6811 | D:6      | Reached skill level 6 in Fighting
  6852 | D:6      | Reached XP level 9. HP: 67/69 MP: 9/9
  7672 | D:3      | Killed Grinder
  7828 | D:4      | Killed Duvessa
  8089 | D:6      | Paralysed by a hornet for 3 turns
  8225 | D:7      | Reached ** piety under Dithmenos
  8500 | D:7      | Found the +18 shield of the Gong {rElec rN+ MR+ EV-5}
  8542 | D:7      | Reached skill level 7 in Fighting
  9063 | D:8      | Found a shimmering altar of Xom.
  9267 | D:8      | Found Niev's Antique Armour Shop.
  9269 | D:8      | Noticed Joseph
  9292 | D:8      | Killed Joseph
  9292 | D:8      | Gained mutation: Your flesh is cold resistant. (rC+)
                  | [demonic ancestry]
  9292 | D:8      | Reached XP level 10. HP: 69/80 MP: 10/10
  9352 | D:8      | Reached *** piety under Dithmenos
  9385 | D:8      | Noticed Prince Ribbit
  9397 | D:8      | Killed Prince Ribbit
  9441 | D:8      | Noticed Maurice
  9470 | D:8      | Killed Maurice
  9470 | D:8      | Reached skill level 8 in Fighting
  9924 | D:9      | Found a staircase to the Lair.
  9978 | D:9      | Found an ornate altar of the Wu Jian Council.
 10105 | D:9      | Noticed Grum
 10307 | D:9      | Reached skill level 1 in Invocations
 10354 | D:9      | Killed Grum
 10522 | D:9      | Found a staircase to the Orcish Mines.
 10914 | D:10     | Entered Level 10 of the Dungeon
 10999 | D:10     | Noticed Erica
 11003 | D:10     | Killed Erica
 11003 | D:10     | Reached skill level 5 in Stealth
 11348 | D:10     | Noticed a two-headed ogre
 11397 | D:10     | Killed a two-headed ogre
 11397 | D:10     | Reached skill level 9 in Fighting
 11397 | D:10     | Reached XP level 11. HP: 65/89 MP: 9/13
 11863 | D:11     | Noticed a white ugly thing
 11902 | D:11     | Reached **** piety under Dithmenos
 12035 | Lair:1   | Entered Level 1 of the Lair of Beasts
 12163 | Lair:1   | Reached skill level 5 in Long Blades
 13601 | Lair:2   | Noticed a seven-headed hydra
 13607 | Lair:2   | Killed a seven-headed hydra
 13607 | Lair:2   | Reached skill level 10 in Fighting
 14179 | Lair:3   | Noticed Urug
 14203 | Lair:3   | Gained mutation: You are robust. (+10% HP) [demonic
                  | ancestry]
 14203 | Lair:3   | Reached XP level 12. HP: 90/106 MP: 14/14
 14294 | Lair:3   | Reached ***** piety under Dithmenos
 14539 | Lair:3   | Found a staircase to the Swamp.
 14625 | Lair:3   | Found a dark tunnel.
 14667 | Volcano  | Entered a volcano
 14991 | Volcano  | Noticed a fire dragon
 15008 | Volcano  | Killed a fire dragon
 15205 | Lair:3   | Killed Urug
 15205 | Lair:3   | Reached skill level 10 in Dodging
 15833 | Lair:3   | Noticed a four-headed hydra
 15846 | Lair:3   | Killed a one-headed hydra
 16405 | Lair:4   | Found a hole to the Spider Nest.
 17019 | Lair:4   | Noticed a seven-headed hydra
 17029 | Lair:4   | Killed a three-headed hydra
 17380 | Lair:5   | Noticed an eight-headed hydra
 17387 | Lair:5   | Killed an eight-headed hydra
 17387 | Lair:5   | Reached skill level 11 in Fighting
 17692 | Lair:5   | Reached XP level 13. HP: 116/116 MP: 15/15
 17711 | Lair:5   | Found a staircase to the Slime Pits.
 18284 | Lair:6   | Entered Level 6 of the Lair of Beasts
 18461 | Orc:1    | Entered Level 1 of the Orcish Mines
 18502 | Orc:1    | Noticed an orc warlord
 18618 | D:9      | Reached skill level 10 in Long Blades
 18891 | D:9      | Shot with a bolt by an orc warlord

Skill      XL: |  1  2  3  4  5  6  7  8  9 10 11 12 13 |
---------------+----------------------------------------+-----
Long Blades    | 3 4 7 9 10 | 10.1
Dodging        | 3 4 5 6 7 8 9 10 | 10.6
Short Blades   | 1 2 3 4 5 6 7 8 |  8.7
Fighting       | 3 4 6 7 9 10 11 | 11.2
Stealth        | 3 4 5 6 7 8 |  8.0
Invocations    | 3 |  3.3
Throwing       | |  1.7

Action                   |  1- 3 |  4- 6 |  7- 9 | 10-12 | 13-15 || total
-------------------------+-------+-------+-------+-------+-------++-------
Melee: Long sword        |    71 |       |       |       |       ||    71
       Dagger            |    59 |   125 |   468 |   551 |    26 ||  1229
       Scimitar          |       |       |     8 |   206 |   113 ||   327
Invok: Shadow Step       |       |       |       |     3 |       ||     3
Evoke: Wand              |       |       |       |       |     1 ||     1
  Use: Scroll            |       |     9 |     6 |    10 |       ||    25
       Potion            |       |       |     1 |       |     1 ||     2
 Stab: Sleeping          |       |    11 |     8 |    49 |     2 ||    70
       Distracted        |       |       |     3 |     3 |     1 ||     7
  Eat: Chunk             |     2 |     6 |    12 |    20 |     4 ||    44
       Ration            |       |     1 |     1 |     2 |       ||     4
Armor: Leather armour    |    29 |       |       |       |       ||    29
       Robe              |    15 |    22 |     1 |       |       ||    38
       Ring mail         |       |       |    64 |    95 |    23 ||   182
Dodge: Dodged            |   141 |    72 |   312 |   560 |   196 ||  1281
       Deflected         |       |       |     3 |     4 |    14 ||    21
       Rpst.: Long sword |    23 |       |       |       |       ||    23
       Scimitar          |       |       |       |    53 |    44 ||    97
